 Dungeon Crawl Stone Soup version 0.29-a0-770-g2e8140cf71 (webtiles) character file.

Game seed: 16661217572554045740

3 Morbidden the Sneak (level 1, -3/20 HPs)
             Began as a Troll Brigand on July 1, 2022.
             Succumbed to a goblin's poison
             ... on level 1 of the Dungeon.
             The game lasted 00:00:38 (163 turns).

Morbidden the Sneak (Troll Brigand)                  Turns: 163, Time: 00:00:38

Health: -3/20      AC:  5    Str: 18    XL:     1   Next: 41%
Magic:  0/0        EV:  9    Int:  7    God:
Gold:   29         SH:  0    Dex: 11    Spells: 0/0 levels left

rFire   . . .      SeeInvis .   (no weapon)
rCold   . . .      Faith    .   (no shield)
rNeg    . . .      Spirit   .   b - +0 robe
rPois   .          Reflect  .   (helmet restricted)
rElec   .          Harm     .   c - +0 cloak
rCorr   .          Rampage  .   (gloves unavailable)
Will    .....                   (boots unavailable)
Stlth   ++........              (no amulet)
HPRegen 0.86/turn               (no ring)
MPRegen 0.07/turn               (no ring)

@: lethally poisoned (-3 -> -22)
A: large, unfitting armour, claws 3, regeneration 1, shaggy fur 1, tough skin 1
a: no special abilities


You were on level 1 of the Dungeon.
You visited 1 branch of the dungeon, and saw 1 of its levels.

You collected 29 gold pieces.

Inventory:

Missiles
 d - 9 poisoned darts (quivered)
 e - 3 curare-tipped darts
Armour
 b - a +0 robe (worn)
 c - a +0 cloak (worn)
Scrolls
 f - a scroll of blinking {unknown}
Potions
 a - a potion of degeneration {unknown}


   Skills:
 * Level 1.7 Fighting
 + Level 1.5 Short Blades
 * Level 1.8 Throwing
 + Level 0.7 Dodging
 + Level 2.2 Stealth


You couldn't memorise any spells.
You didn't know any spells.
Your spell library contained the following spells:

 Spells                   Type           Power      Damage    Failure   Level
 Summon Guardian Golem    Hex/Summ       0%         N/A       80%         3
 Orb of Destruction       Conj           0%         9d5       100%        7
 Spellforged Servitor     Conj/Summ      0%         N/A       100%        7


Dungeon Overview and Level Annotations

Branches:
Dungeon (1/15)

Altars:


Innate Abilities, Weirdness & Mutations

You are too large for most types of armour.
You have claws for hands.
Your natural rate of healing is unusually fast.
You are covered in fur. (AC +1)
You have tough skin. (AC +1)


Message History

Key pressed, stopping explore.
No target in view!
No target in view!
You now have 29 gold pieces (gained 18).
Found a sling.
No target in view!
A goblin comes into view. It is wielding a +0 dagger of venom.
Found a stone staircase leading down.
A goblin is nearby!
The goblin shouts!
A goblin is nearby!
A goblin is nearby!
The goblin hits you but does no damage.
You are poisoned.
You closely miss the goblin.
You feel sick.
The goblin hits you with a +0 dagger of venom.
You are more poisoned.
You scratch the goblin.
The goblin is heavily wounded.
You feel very sick.
The goblin hits you with a +0 dagger of venom.
You are lethally poisoned!
You are too injured to fight recklessly!
You are too injured to fight recklessly!
You are too injured to fight recklessly!
You are too injured to fight recklessly!
You closely miss the goblin.
The goblin is heavily wounded.
* * * LOW HITPOINT WARNING * * *
You feel very sick. The goblin completely misses you.
You closely miss the goblin.
The goblin is heavily wounded.
* * * LOW HITPOINT WARNING * * *
You feel very sick. The goblin hits you but does no damage.
You are more poisoned.
You barely miss the goblin.
The goblin is heavily wounded.
You die...

#.#.##.#.#.#.#.#.#
#.#.##.#.#####.#
+...#..# #.#
#.###..# #.#
#......# .#
######.# #
#.#########.#
#........)..#
#.#.....@g.>#
#.#.....###.#
#.#....?....
#.#......#.#
#.#........#
+.##.......#
####......##
+......# #......#


You could see a goblin.

Vanquished Creatures
  2 ball pythons (D:1)
  A rat (D:1)
3 creatures vanquished.

Notes
Turn   | Place    | Note
-------+----------+-------------------------------------------
     0 | D:1      | Morbidden the Troll Brigand began the quest for the Orb.
     0 | D:1      | Reached XP level 1. HP: 19/19 MP: 0/0
   163 | D:1      | Succumbed to a goblin's poison

Illustrated notes

Levels and vault maps discovered:
D:1:      psy_arrival_basics, layout_basic,
          shapermc_ecumenical_altar_mp_ritualfount

Action                   || total
-------------------------++-------
Melee: Unarmed           ||     8
 Stab: Sleeping          ||     1
Armor: Robe              ||     3
Dodge: Dodged            ||     2

Table legend: (Time is in decaauts)
 A = Elapsed time spent in this place.
 B = Non-inter-level travel time spent in this place.
 C = Inter-level travel time spent in this place.
 D = Time resting spent in this place.
 E = Time spent auto-exploring this place.
 F = Levels seen in this place.
 G = Mean time per level.
                   A        B        C        D        E       F      G
               +--------+--------+--------+--------+--------+-----+--------+
         Total |    163 |    163 |      0 |      0 |    130 |   1 |  163.0 |
       Dungeon |    163 |    163 |      0 |      0 |    130 |   1 |  163.0 |
               +--------+--------+--------+--------+--------+-----+--------+

Top non-repeatable levels by time:
     D:1: 163 daAuts
